 Dungeon Crawl Stone Soup version 0.20.2-3-g29329e0561 (webtiles) character file.

5500 Alfie the Slicer (level 10, -2/88 HPs)
             Began as a Hill Orc Fighter on Dec 3, 2022.
             Slain by a six-headed hydra (9 damage)
             ... on level 1 of the Lair of Beasts.
             The game lasted 00:23:47 (5790 turns).

Alfie the Slicer (Hill Orc Fighter)                 Turns: 5790, Time: 00:23:48

Health: -2/88      AC: 15    Str: 23    XL:     10   Next: 70%
Magic:  10/10      EV: 10    Int:  8    God:
Gold:   291        SH: 12    Dex: 10    Spells: 3/9 levels left

rFire    . . .     SeeInvis .   a - +2 rapier (drain)
rCold    . . .     Gourm    .   c - +1 shield
rNeg     . . .     Faith    .   k - +3 scale mail
rPois    +         Spirit   .   o - +2 helmet
rElec    .         Reflect  .   (no cloak)
rCorr    .         Harm     .   (no gloves)
MR       +....                  h - +0 pair of boots (curse)
Stlth    ..........             j - amulet of rage
Regen    0.3/turn               q - ring of poison resistance
MPRegen  0.2/turn               E - ring of protection from magic

@: no status effects
A: no striking features
a: Evoke Berserk Rage


You were on level 1 of the Lair of Beasts.
You were not hungry.

You visited 2 branches of the dungeon, and saw 10 of its levels.

You collected 557 gold pieces.
You spent 266 gold pieces at shops.

Inventory:

Hand Weapons
 a - a +2 rapier of draining (weapon)
Missiles
 s - 6 tomahawks of returning
 C - 6 tomahawks (quivered)
Armour
 c - a +1 shield (worn)
 h - a cursed +0 pair of boots (worn)
 k - a +3 scale mail (worn)
 o - a +2 helmet (worn)
Jewellery
 j - an amulet of rage (around neck)
 n - an uncursed ring of positive energy
 q - a ring of poison resistance (left hand)
 E - a ring of protection from magic (right hand)
Wands
 m - a wand of flame (21/48)
 y - a wand of paralysis (5/24)
 D - a wand of lightning (4/15)
 F - a wand of iceblast (6/15)
Scrolls
 b - 2 scrolls of remove curse
 e - 6 scrolls of teleportation
 l - 2 scrolls of fog
 p - a scroll of blinking
 w - a scroll of enchant weapon
Potions
 i - a potion of cancellation {unknown}
 r - a potion of might
 t - 2 potions of lignification
 u - a potion of invisibility {unknown}
 x - 4 potions of curing
 z - a potion of brilliance {unknown}
 A - a potion of berserk rage {unknown}
 B - a potion of haste {unknown}
Books
 v - Roxanne's Papyrus of the Shifting Mountains
   (You found it on level 6 of the Dungeon)

   Spells                             Type                      Level
   a - Passwall                       Transmutation/Earth          2
   b - Ignite Poison                  Fire/Transmutation/Poison    3
   c - Spider Form                    Transmutation/Poison         3
   d - Lee's Rapid Deconstruction     Earth                        5
Comestibles
 d - 12 royal jellies
 f - 6 bread rations
 g - 4 meat rations


   Skills:
 + Level 8.1 Fighting
 + Level 10.3 Short Blades
 + Level 1.0 Throwing
 + Level 7.2 Armour
 + Level 2.8 Dodging
 + Level 0.3 Stealth
 + Level 8.6 Shields


You had 3 spell levels left.
You knew the following spells:

 Your Spells              Type           Power        Failure   Level  Hunger
a - Passwall              Tmut/Erth      #.........   98%         2    ###....
b - Magic Dart            Conj           #...         92%         1    ##.....
c - Dazzling Spray        Conj/Hex       #.....       100%        3    ####...


Dungeon Overview and Level Annotations

Branches:
Dungeon (9/15)             Temple (0/1) D:6            Lair (1/6) D:9
    Orc: D:9-12

Altars:
Ashenzari
Dithmenos
Nemelex Xobeh

Shops:
D:7 !   D:8 [


Message History

The six-headed hydra bites you!
* * * LOW HITPOINT WARNING * * *
The six-headed hydra closely misses you.
You block the six-headed hydra's attack.
The six-headed hydra bites you.
* * * LOW HITPOINT WARNING * * *
The six-headed hydra bites you!
* * * LOW HITPOINT WARNING * * *
You feel better.
You block the six-headed hydra's attack.
The six-headed hydra closely misses you.
The six-headed hydra barely misses you. The six-headed hydra bites you!
* * * LOW HITPOINT WARNING * * *
The six-headed hydra bites you.
* * * LOW HITPOINT WARNING * * *
The six-headed hydra closely misses you.
You feel better. The six-headed hydra bites you.
* * * LOW HITPOINT WARNING * * *
The six-headed hydra bites you!
You die...

#.....#
#.....#
#....##
#....##
.....
##....#
#P....#
##....#
#....#
#....#
#....#
#..@.#
#..D.#
#....#
#....#
#....#
#....#
#..[.#
#....#


You could see a six-headed hydra.

Vanquished Creatures
  The ghost of Alfie the Carver, a novice HOFi (D:9)
  A gargoyle (D:8)
  A spiny frog (Lair:1)
  3 yaks (D:9)
  Eustachio (D:4)
  3 hungry ghosts (D:8)
  A steam dragon (D:8)
  Edmund (D:4)
  A water moccasin (Lair:1)
  A porcupine (Lair:1)
  3 ice beasts
  A sky beast (D:5)
  2 orc warriors
  3 ogres
  A centaur (D:8)
  2 crocodiles (Lair:1)
  Blork the orc (D:4)
  4 bullfrogs
  3 scorpions
  7 wights
  A centaur zombie (D:9)
  A quasit (D:8)
  2 hounds
  3 bullfrog skeletons
  7 jellies
  3 orc priests
  2 orc wizards (D:9)
  2 iguanas
  Terence (D:2)
  6 worker ants
  A killer bee zombie (D:9)
  A hound zombie (D:6)
  Robin (D:2)
  3 gnolls (D:7)
  10 adders
  A shadow imp (D:6)
  5 oozes (D:8)
  An adder skeleton (D:4)
  An adder zombie (D:7)
  3 worms
  A dart slug (D:1)
  A leopard gecko (D:5)
  17 orcs
  5 ball pythons
  5 bats
  7 giant cockroaches
  14 goblins
  9 hobgoblins
  2 jackals (D:2)
  2 quokkas
  3 frilled lizards
  A giant cockroach zombie (D:6)
  A jackal skeleton (D:8)
  5 kobolds
  A leopard gecko zombie (D:6)
  2 rats
172 creatures vanquished.

Notes
Turn   | Place    | Note
-------+----------+-------------------------------------------
     0 | D:1      | Alfie the Hill Orc Fighter began the quest for the Orb.
     0 | D:1      | Reached XP level 1. HP: 19/19 MP: 1/1
    50 | D:1      | Found a shattered altar of Ashenzari.
   147 | D:1      | Reached XP level 2. HP: 18/27 MP: 2/2
   534 | D:2      | Reached XP level 3. HP: 22/33 MP: 3/3
   628 | D:2      | Noticed Terence
   646 | D:2      | Killed Terence
   646 | D:2      | Reached XP level 4. HP: 20/40 MP: 4/4
   787 | D:2      | Noticed Robin
   801 | D:2      | Killed Robin
   801 | D:2      | Reached skill level 3 in Short Blades
   803 | D:2      | Reached XP level 5. HP: 32/46 MP: 5/5
  1647 | D:3      | Found a sparkling altar of Nemelex Xobeh.
  1932 | D:4      | Reached skill level 1 in Dodging
  1967 | D:4      | Reached XP level 6. HP: 27/52 MP: 6/6
  1996 | D:4      | Noticed Edmund
  1997 | D:4      | Noticed Blork the orc
  2018 | D:4      | Killed Edmund
  2018 | D:4      | Reached skill level 4 in Short Blades
  2030 | D:4      | Killed Blork the orc
  2030 | D:4      | Reached skill level 5 in Shields
  2128 | D:4      | Reached XP level 7. HP: 51/60 MP: 7/7
  2173 | D:4      | Noticed Eustachio
  2183 | D:4      | Killed Eustachio
  2183 | D:4      | Reached skill level 5 in Short Blades
  2384 | D:5      | Entered Level 5 of the Dungeon
  2410 | D:4      | Reached skill level 5 in Fighting
  2410 | D:4      | Reached skill level 5 in Armour
  2554 | D:5      | Reached XP level 8. HP: 35/68 MP: 8/8
  2598 | D:5      | Found a shadowy altar of Dithmenos.
  2620 | D:5      | Reached skill level 6 in Short Blades
  3065 | D:6      | Reached skill level 7 in Short Blades
  3165 | D:6      | Identified Roxanne's Papyrus of the Shifting Mountains
  3202 | D:6      | Learned a level 2 spell: Passwall
  3291 | D:6      | Found a staircase to the Ecumenical Temple.
  3310 | D:6      | Reached XP level 9. HP: 58/78 MP: 9/9
  3464 | D:7      | Found Nixasouk's Distillery.
  3510 | D:7      | Bought a potion of heal wounds for 70 gold pieces
  3510 | D:7      | Bought 2 potions of curing for 84 gold pieces
  3510 | D:7      | Bought a potion of curing for 42 gold pieces
  3510 | D:7      | Bought a potion of heal wounds for 70 gold pieces
  3865 | D:7      | Reached skill level 8 in Short Blades
  4321 | D:8      | Noticed a gargoyle
  4348 | D:8      | Killed a gargoyle
  4604 | D:8      | Learned a level 1 spell: Magic Dart
  4638 | D:8      | Reached skill level 9 in Short Blades
  4655 | D:8      | Reached XP level 10. HP: 33/86 MP: 10/10
  4679 | D:8      | Found Gofahaebirr's Antique Armour Boutique.
  4884 | D:9      | Reached skill level 1 in Throwing
  5078 | D:9      | Learned a level 3 spell: Dazzling Spray
  5198 | D:9      | Noticed Alfie's ghost (novice HOFi)
  5262 | D:9      | Killed Alfie's ghost
  5274 | D:9      | Reached skill level 10 in Short Blades
  5287 | D:9      | Found a staircase to the Lair.
  5313 | D:9      | Noticed a centaur warrior
  5314 | D:9      | Noticed a deep elf mage
  5314 | D:9      | Noticed a skeletal warrior
  5326 | D:9      | Noticed a cyclops
  5615 | Lair:1   | Entered Level 1 of the Lair of Beasts
  5748 | Lair:1   | Noticed a spiny frog
  5759 | Lair:1   | Killed a spiny frog
  5778 | Lair:1   | Noticed a six-headed hydra
  5789 | Lair:1   | HP: 2/88 [six-headed hydra (6)]
  5790 | Lair:1   | Slain by a six-headed hydra

Skill      XL: |  1  2  3  4  5  6  7  8  9 10 |
---------------+-------------------------------+-----
Fighting       | 4 5 6 7 8 |  8.1
Shields        | 4 5 6 7 8 |  8.6
Armour         | 4 5 6 7 |  7.2
Short Blades   | 3 4 5 7 9 10 | 10.3
Dodging        | 1 2 |  2.8
Throwing       | 1 |  1.0
Stealth        | |  0.3

Action                   |  1- 3 |  4- 6 |  7- 9 | 10-12 || total
-------------------------+-------+-------+-------+-------++-------
Melee: Rapier            |   119 |   166 |   508 |   182 ||   975
Throw: Tomahawk          |       |       |     3 |     6 ||     9
  Use: Scroll            |     4 |     4 |    11 |     4 ||    23
       Potion            |     1 |     3 |     1 |     4 ||     9
  Eat: Bread ration      |       |     1 |     1 |       ||     2
       Royal jelly       |       |       |     4 |       ||     4
       Fruit             |       |       |     2 |       ||     2
       Meat ration       |       |       |     2 |     1 ||     3
Armor: Scale mail        |    70 |    65 |   165 |    40 ||   340
Dodge: Dodged            |    44 |    31 |   109 |    27 ||   211
Block: Shield            |    63 |    64 |   231 |    80 ||   438
